 Dungeon Crawl Stone Soup version 0.31-a0-188-g5e087ee2ca (webtiles) character file.

Game seed: 2862880082682590215

206 qw the Skirmisher (level 5, 0/30 HPs)
             Began as a Deep Elf Hunter on June 23, 2023.
             Slain by a gnoll
             ... wielding a +0 spear
              (1 damage)
             ... on level 4 of the Dungeon.
             The game lasted 00:01:12 (2475 turns).

qw the Skirmisher (Deep Elf Hunter)                 Turns: 2475, Time: 00:01:13

Health: 0/30       AC:  6    Str: 10    XL:     5   Next: 53%
Magic:  7/7        EV: 11    Int: 14    God:
Gold:   172        SH:  0    Dex: 18    Spells: 4/4 levels left

rFire   . . .        Y - +0 shortbow
rCold   . . .        (shield currently unavailable)
rNeg    . . .        h - +0 ring mail
rPois   .            (no helmet)
rElec   .            f - +0 cloak
rCorr   .            (no gloves)
SInv    .            (no boots)
Will    .....        (no amulet)
Stlth   +            (no ring)
HPRegen 0.25/turn    (no ring)
MPRegen 0.10/turn

%: no passive effects
@: no status effects
A: no striking features
a: no special abilities


You were on level 4 of the Dungeon.
You visited 1 branch of the dungeon, and saw 4 of its levels.

You collected 172 gold pieces.


   Skills:
 + Level 1.7 Fighting
 - Level 9.0 Ranged Weapons
 - Level 2.4 Dodging
 - Level 1.2 Stealth


You had 4 spell levels left.
You didn't know any spells.
Your spell library was empty.

Inventory:

Hand Weapons
 Y - a +0 shortbow (weapon)
Armour
 f - a +0 cloak (worn)
 h - a +0 ring mail (worn)
Jewellery
 c - a ring of flight
 j - a +5 ring of evasion
Scrolls
 e - a scroll of teleportation {unknown}
 i - a scroll of silence {unknown}
 k - a scroll of blinking {unknown}
 l - 3 scrolls of torment {unknown}
 m - a scroll of immolation {unknown}
Potions
 a - a potion of lignification {unknown}
 b - a potion of enlightenment {unknown}
 d - a potion of might {unknown}
 g - a potion of attraction {unknown}

Dungeon Overview and Level Annotations

Branches:
Dungeon (4/15)
 Temple: D:4-7

Altars:
Cheibriados


Message History

The gnoll hits you with a +0 club.
Your Ranged Weapons skill increases to level 9!
You shoot an arrow. The arrow hits the gnoll.
The gnoll is lightly wounded.
The gnoll hits you from afar with a +0 spear.
The gnoll closely misses you.
You shoot an arrow.
The arrow hits the gnoll but does no damage.
The gnoll is lightly wounded.
The gnoll closely misses you. The gnoll hits you but does no damage.
The gnoll closely misses you.
You shoot an arrow. The arrow hits the gnoll!
The gnoll is severely wounded.
The gnoll hits you from afar with a +0 spear.
The gnoll misses you.
The gnoll hits you from afar with a +0 spear.
You shoot an arrow. The arrow hits the gnoll.
You kill the gnoll!
The gnoll closely misses you. The gnoll hits you but does no damage.
You shoot an arrow. The arrow hits the gnoll.
The gnoll is lightly wounded.
The gnoll hits you but does no damage.
The gnoll hits you from afar with a +0 spear.
You shoot an arrow. The arrow hits the gnoll.
The gnoll is heavily wounded.
The gnoll closely misses you.
The gnoll hits you from afar with a +0 spear!
You shoot an arrow. The arrow hits the gnoll.
The gnoll is severely wounded.
The gnoll hits you but does no damage. x2
You shoot an arrow.
The arrow hits the gnoll but does no damage.
The gnoll is severely wounded.
The gnoll hits you from afar with a +0 spear.
The gnoll closely misses you.
You shoot an arrow.
The arrow hits the gnoll but does no damage.
The gnoll is severely wounded.
The gnoll hits you from afar with a +0 spear. x2
You die...

#.................#...
#.....##....###...####
#.....##....###...####
#.....................
#.....................
#..##.####'####..##.##
#..##.####..###..##.##
#........#............
#.?..@)..#............
#....)...#............
#....gg..#............
#........#.......##..#
#..###..###.##########
#..# #..# ### #.. ....
#. ....


You could see 2 gnolls.

Vanquished Creatures
  An iron imp (D:4)
  An iguana (D:3)
  2 gnolls (D:4)
  6 adders
  2 dart slugs
  2 worms (D:2)
  An orc (D:3)
  5 endoplasms
  3 giant cockroaches
  6 goblins
  7 hobgoblins
  7 jackals
  5 kobolds
  9 ball pythons
  6 bats
  8 frilled lizards
  A rat (D:1)
72 creatures vanquished.

Notes
Turn   | Place    | Note
-------+----------+-------------------------------------------
     0 | D:1      | qw the Deep Elf Hunter began the quest for the Orb.
     0 | D:1      | Reached XP level 1. HP: 12/12 MP: 3/3
     0 | D:1      | 0 ||| qw: Version: 0.3-a-9-g12657ce
     0 | D:1      | 0 ||| qw: Game counter: 3198
     0 | D:1      | 0 ||| qw: Always use a shield: true
     0 | D:1      | 0 ||| qw: God list: Okawaru
     0 | D:1      | 0 ||| qw: Allow faded altars: false
     0 | D:1      | 0 ||| qw: Do Orc after D:15 true
     0 | D:1      | 0 ||| qw: Do second Lair branch before Depths: true
     0 | D:1      | 0 ||| qw: Lair rune preference: random
     0 | D:1      | 0 ||| qw: Plans: Normal
     0 | D:1      | 0 ||| PLANNING D:1-11
   191 | D:1      | Reached XP level 2. HP: 16/16 MP: 4/4
   192 | D:1      | Reached skill level 6 in Ranged Weapons
   384 | D:1      | Reached XP level 3. HP: 16/20 MP: 5/5
   549 | D:1      | 549 ||| UPGRADING to +0 cloak.
   554 | D:1      | 554 ||| UPGRADING to +0 ring mail.
   564 | D:1      | 564 ||| DROPPING +0 leather armour.
   565 | D:1      | 565 ||| READING scroll labelled ZOROTO XUNUU.
   566 | D:1      | 566 ||| READING scroll labelled KUZIUBRO KINO.
   567 | D:1      | 567 ||| DROPPING scroll of butterflies.
   712 | D:2      | Reached skill level 7 in Ranged Weapons
   932 | D:2      | Reached XP level 4. HP: 18/25 MP: 6/6
   932 | D:2      | 932 ||| FLEEEEING.
   933 | D:2      | 933 ||| FLEEEEING.
   936 | D:2      | 936 ||| FLEEEEING.
   937 | D:2      | 937 ||| FLEEEEING.
   938 | D:2      | 938 ||| FLEEEEING.
   939 | D:2      | 939 ||| FLEEEEING.
   940 | D:2      | 940 ||| FLEEEEING.
   941 | D:2      | 941 ||| FLEEEEING.
   942 | D:2      | 942 ||| FLEEEEING.
   943 | D:2      | 943 ||| FLEEEEING.
   946 | D:2      | 946 ||| FLEEEEING.
   950 | D:2      | 950 ||| FLEEEEING.
   951 | D:2      | 951 ||| FLEEEEING.
   953 | D:2      | 953 ||| FLEEEEING.
   954 | D:2      | 954 ||| FLEEEEING.
   955 | D:2      | 955 ||| FLEEEEING.
   956 | D:2      | 956 ||| FLEEEEING.
   957 | D:2      | 957 ||| FLEEEEING.
   958 | D:2      | 958 ||| FLEEEEING.
  1499 | D:3      | Reached skill level 8 in Ranged Weapons
  1715 | D:3      | 1715 ||| DROPPING ring of magical power.
  1716 | D:3      | 1716 ||| READING scroll labelled LOHUVA IWNE.
  1717 | D:3      | 1717 ||| READING scroll labelled GOEHEZ UKKICEE.
  1719 | D:3      | 1719 ||| Stepping ~*~*~tactically~*~*~ (cloud).
  1835 | D:4      | 1835 ||| STAIRDANCE
  1842 | D:3      | Reached XP level 5. HP: 22/29 MP: 7/7
  1928 | D:4      | Found a snail-covered altar of Cheibriados.
  2057 | D:4      | HP: 7/29 [poisoned by an adder]
  2467 | D:4      | Reached skill level 9 in Ranged Weapons
  2472 | D:4      | HP: 5/30 [gnoll/+0 spear (8)]
  2474 | D:4      | HP: 2/30 [gnoll/+0 spear (3)]
  2475 | D:4      | Slain by a gnoll

Levels and vault maps discovered:
D:1:      roderic_octagonal_star, layout_rooms, serial_bayou_lagoon_a,
          minmay_tromino_mix6
D:2:      layout_basic
D:3:      minmay_spotlight, layout_loops_ring, dk_noncrumbling_4
D:4:      layout_gridville, slow_altar_1, uniq_crazy_yiuf_cottage

Skill      XL: |  1  2  3  4  5 |
---------------+----------------+-----
Ranged Weapons | 6 7 8 9 |  9.0
Fighting       | |  1.7
Dodging        | |  2.4
Stealth        | |  1.2

Action                     |  1- 3 |  4- 6 || total
---------------------------+-------+-------++-------
   Fire: Shortbow          |   104 |   121 ||   225
    Use: Scroll            |     2 |     2 ||     4
 Armour: Leather armour    |     5 |       ||     5
         Ring mail         |    12 |    29 ||    41
  Dodge: Dodged            |    22 |    43 ||    65

Table legend:
 A = Non-vault XP
 B = Vault XP
 C = Vault XP percentage of total XP
 D = Non-vault monster count
 E = Vault monster count
 F = Vault count percentage of total count
                 A         B        C        D         E       F
            +---------+---------+-------+---------+---------+-------
      Total |     227 |      68 |  23.1 |      63 |       9 |  12.5
            +---------+---------+-------+---------+---------+-------
        D:1 |      40 |       6 |  13.0 |      25 |       3 |  10.7
        D:2 |      60 |       0 |   0.0 |      18 |       0 |   0.0
        D:3 |      80 |      22 |  21.6 |      14 |       5 |  26.3
        D:4 |      47 |      40 |  46.0 |       6 |       1 |  14.3
            +---------+---------+-------+---------+---------+-------
